[ PARTIDA AOE2 · #505140389 ]
UnrankedJaponeses vs Vietnamese
Equipo del jugador · VICT
[ ANÁLISIS DE REPETICIÓN · EXTRAÍDO DE LA PARTIDA GRABADA ]
Feudal
10:24
Castillos
20:19
Imperial
38:08
| APM promedio | 35.2 |
| APM pico | 91 |
| eAPM promedio | 23.3 |
| Aldeanos / militares | 159 / 101 |
Foco
⚔️ 32.4% · 🌾 67.6%
Archer ×74 · Scorpion ×9 · Militia ×6 · Mangonel ×4 · Skirmisher ×3 · Trebuchet (Packed) ×3
Feudal
9:19
Castillos
23:22
Imperial
39:39
| APM promedio | 49.8 |
| APM pico | 87 |
| eAPM promedio | 23.4 |
| Aldeanos / militares | 95 / 66 |
Foco
⚔️ 28.2% · 🌾 71.8%
Cavalry Archer ×39 · Battle Elephant ×8 · Archer ×5 · Militia ×4 · Mangonel ×4 · Knight ×2
Mapa de la partida
Recursos iniciales + cada clic de construcción. Líneas = muros · curvas = relieve. ◆ oro · ⬟ piedra · ● bayas · ✦ reliquia · ◌ hueco del cierre
Tu base· Abierta — el rival se encerró
Base de TheKillerSoap· ✓ Cerrada en 23:22 · 51t muro · sin puerta
Terreno inicial suavizado · ◌ = hueco del cierre detectado · pasá el cursor para detalles
Inputs por minuto
— A zax attax - - TheKillerSoap
Build order — A zax attax
Primeras 150 de 385 acciones detectadas
| 0:00 | Encolar | Villager (Male) ×4 |
| 0:02 | Construir | House |
| 0:03 | Construir | House |
| 1:24 | Encolar | Villager (Male) |
| 2:04 | Encolar | Villager (Male) |
| 2:04 | Encolar | Villager (Male) |
| 2:10 | Construir | Lumber Camp |
| 2:15 | Encolar | Villager (Male) |
| 2:54 | Encolar | Villager (Male) |
| 2:54 | Encolar | Villager (Male) |
| 2:55 | Encolar | Villager (Male) |
| 3:39 | Construir | House |
| 3:46 | Encolar | Villager (Male) |
| 3:47 | Encolar | Villager (Male) |
| 3:47 | Encolar | Villager (Male) |
| 4:13 | Encolar | Villager (Male) |
| 4:13 | Encolar | Villager (Male) |
| 4:39 | Construir | Barracks |
| 5:07 | Construir | House |
| 5:25 | Construir | Mill |
| 5:32 | Encolar | Villager (Male) |
| 5:38 | Construir | House |
| 5:41 | Encolar | Militia |
| 5:55 | Encolar | Villager (Male) |
| 6:10 | Encolar | Militia |
| 6:17 | Construir | House |
| 6:25 | Encolar | Militia |
| 6:28 | Investigar | Loom |
| 6:44 | Encolar | Villager (Male) |
| 7:21 | Encolar | Villager (Male) |
| 7:30 | Construir | Farm |
| 7:47 | Encolar | Villager (Male) |
| 8:14 | Investigar | Feudal Age |
| 8:27 | Construir | Lumber Camp |
| 8:56 | Construir | House |
| 9:17 | Construir | Palisade Wall |
| 9:21 | Construir | Palisade Wall |
| 9:36 | Construir | Palisade Wall |
| 9:41 | Encolar | Villager (Male) |
| 9:44 | Construir | Farm |
| 9:49 | Construir | Palisade Wall |
| 10:08 | Construir | Palisade Wall |
| 10:17 | Construir | Palisade Wall |
| 10:24 | Edad | Edad Feudal |
| 10:34 | Construir | Archery Range |
| 10:35 | Investigar | Double-Bit Axe |
| 10:56 | Encolar | Villager (Male) |
| 11:09 | Construir | Blacksmith |
| 11:10 | Construir | Farm |
| 11:10 | Construir | Farm |
| 11:15 | Encolar | Villager (Male) |
| 11:20 | Construir | House |
| 11:27 | Construir | Farm |
| 11:37 | Construir | Palisade Wall |
| 11:38 | Construir | Palisade Wall |
| 11:42 | Encolar | Skirmisher |
| 11:43 | Construir | House |
| 11:50 | Encolar | Villager (Male) |
| 11:57 | Construir | Farm |
| 12:12 | Encolar | Skirmisher |
| 12:20 | Construir | House |
| 12:26 | Encolar | Villager (Male) |
| 12:27 | Encolar | Villager (Male) |
| 12:29 | Construir | Farm |
| 12:37 | Construir | House |
| 12:40 | Construir | House |
| 12:51 | Construir | Mining Camp |
| 12:58 | Encolar | Villager (Male) |
| 13:23 | Construir | Farm |
| 13:28 | Encolar | Villager (Male) |
| 13:29 | Encolar | Villager (Male) |
| 13:29 | Encolar | Villager (Male) |
| 13:38 | Construir | Farm |
| 13:38 | Construir | Farm |
| 13:39 | Construir | Farm |
| 13:45 | Encolar | Villager (Male) |
| 14:06 | Construir | House |
| 14:13 | Encolar | Villager (Male) |
| 14:17 | Investigar | Horse Collar |
| 14:29 | Construir | Palisade Wall |
| 14:45 | Encolar | Villager (Male) |
| 14:53 | Construir | Farm |
| 15:06 | Investigar | Wheelbarrow |
| 15:22 | Construir | Farm |
| 16:12 | Construir | Archery Range |
| 16:17 | Encolar | Villager (Male) |
| 16:24 | Construir | Farm |
| 16:53 | Encolar | Villager (Male) |
| 17:39 | Investigar | Castle Age |
| 17:42 | Construir | Archery Range |
| 17:55 | Encolar | Archer |
| 18:03 | Construir | Mining Camp |
| 18:26 | Investigar | Gold Mining |
| 18:28 | Encolar | Archer |
| 18:37 | Construir | House |
| 18:47 | Encolar | Archer |
| 19:06 | Encolar | Skirmisher |
| 19:21 | Encolar | Archer |
| 19:21 | Encolar | Archer |
| 19:31 | Encolar | Archer |
| 19:31 | Encolar | Archer |
| 19:38 | Investigar | Padded Archer Armor |
| 19:51 | Construir | Palisade Gate |
| 19:54 | Encolar | Archer |
| 20:00 | Encolar | Archer |
| 20:09 | Encolar | Villager (Male) |
| 20:12 | Encolar | Archer |
| 20:19 | Edad | Edad de los Castillos |
| 20:29 | Construir | Town Center |
| 20:39 | Encolar | Villager (Male) |
| 20:42 | Encolar | Villager (Male) |
| 20:50 | Construir | Town Center |
| 20:58 | Investigar | Fletching |
| 21:14 | Encolar | Villager (Male) |
| 21:19 | Construir | Farm |
| 21:19 | Construir | Farm |
| 21:19 | Construir | Farm |
| 21:19 | Construir | Farm |
| 21:36 | Encolar | Villager (Male) |
| 21:44 | Encolar | Villager (Male) |
| 21:44 | Encolar | Villager (Male) |
| 22:09 | Construir | Siege Workshop |
| 22:11 | Encolar | Villager (Male) ×2 |
| 22:14 | Encolar | Villager (Male) |
| 22:20 | Encolar | Villager (Male) |
| 22:25 | Encolar | Villager (Male) |
| 22:27 | Construir | Farm |
| 22:29 | Construir | Farm |
| 22:29 | Construir | Farm |
| 22:33 | Encolar | Villager (Male) |
| 22:41 | Encolar | Villager (Male) |
| 22:49 | Encolar | Villager (Male) |
| 22:57 | Construir | Farm |
| 22:59 | Construir | Farm |
| 23:01 | Encolar | Villager (Male) |
| 23:11 | Encolar | Villager (Male) |
| 23:11 | Encolar | Villager (Male) |
| 23:21 | Investigar | Bow Saw |
| 23:33 | Encolar | Villager (Male) ×2 |
| 23:37 | Encolar | Villager (Male) |
| 23:38 | Encolar | Villager (Male) |
| 23:42 | Encolar | Mangonel |
| 23:51 | Encolar | Villager (Male) |
| 24:01 | Encolar | Villager (Male) |
| 24:01 | Encolar | Villager (Male) |
| 24:06 | Encolar | Villager (Male) |
| 24:08 | Encolar | Mangonel |
| 24:12 | Construir | House |
| 24:13 | Construir | House |
| 24:33 | Encolar | Villager (Male) |
Build order — TheKillerSoap
Primeras 150 de 314 acciones detectadas
| 0:00 | Encolar | Villager (Male) |
| 0:00 | Encolar | Villager (Male) |
| 0:01 | Encolar | Villager (Male) |
| 0:01 | Encolar | Villager (Male) |
| 0:01 | Encolar | Villager (Male) |
| 0:02 | Construir | House |
| 0:04 | Construir | House |
| 1:28 | Encolar | Villager (Male) |
| 1:28 | Encolar | Villager (Male) |
| 1:50 | Construir | Lumber Camp |
| 2:05 | Encolar | Villager (Male) |
| 2:18 | Encolar | Villager (Male) |
| 2:19 | Encolar | Villager (Male) |
| 2:37 | Encolar | Villager (Male) |
| 3:01 | Construir | House |
| 3:07 | Encolar | Villager (Male) |
| 3:51 | Encolar | Villager (Male) |
| 3:52 | Encolar | Villager (Male) |
| 4:00 | Encolar | Villager (Male) |
| 4:25 | Encolar | Villager (Male) |
| 4:45 | Encolar | Villager (Male) |
| 5:10 | Construir | Barracks |
| 5:19 | Encolar | Villager (Male) |
| 5:59 | Encolar | Villager (Male) |
| 6:20 | Investigar | Loom |
| 6:28 | Construir | House |
| 7:00 | Construir | Palisade Wall |
| 7:09 | Investigar | Feudal Age |
| 7:17 | Construir | Palisade Wall |
| 7:32 | Encolar | Militia |
| 7:32 | Encolar | Militia |
| 7:41 | Construir | Palisade Wall |
| 7:59 | Encolar | Militia |
| 8:21 | Construir | Palisade Wall |
| 8:23 | Encolar | Villager (Male) |
| 8:30 | Encolar | Militia |
| 8:45 | Construir | Palisade Wall |
| 9:19 | Edad | Edad Feudal |
| 9:34 | Construir | Mill |
| 10:03 | Investigar | Man-at-Arms (upgrade) |
| 10:07 | Construir | Palisade Wall |
| 10:54 | Encolar | Villager (Male) |
| 10:54 | Encolar | Villager (Male) |
| 11:08 | Construir | Palisade Wall |
| 11:25 | Construir | Archery Range |
| 11:26 | Encolar | Villager (Male) |
| 12:04 | Encolar | Villager (Male) |
| 12:23 | Investigar | Double-Bit Axe |
| 12:36 | Construir | Mining Camp |
| 12:47 | Encolar | Villager (Male) |
| 13:00 | Encolar | Archer |
| 13:04 | Construir | House |
| 13:14 | Construir | Farm |
| 13:15 | Construir | Farm |
| 13:26 | Investigar | Town Watch |
| 13:34 | Encolar | Archer |
| 13:44 | Construir | Farm |
| 13:59 | Encolar | Villager (Male) |
| 14:10 | Encolar | Archer |
| 14:17 | Construir | Lumber Camp |
| 14:20 | Encolar | Villager (Male) |
| 14:30 | Construir | Farm |
| 14:33 | Construir | Farm |
| 14:40 | Encolar | Archer |
| 14:56 | Construir | Farm |
| 14:57 | Encolar | Villager (Male) |
| 14:58 | Encolar | Villager (Male) |
| 15:08 | Construir | House |
| 15:09 | Construir | House |
| 15:25 | Construir | Farm |
| 15:27 | Encolar | Villager (Male) |
| 15:35 | Construir | House |
| 15:36 | Construir | Palisade Wall |
| 15:59 | Construir | Farm |
| 15:59 | Encolar | Villager (Male) |
| 16:19 | Construir | Blacksmith |
| 16:25 | Construir | Farm |
| 16:27 | Construir | Farm |
| 16:29 | Encolar | Villager (Male) |
| 16:29 | Encolar | Villager (Male) |
| 16:35 | Encolar | Archer |
| 16:38 | Encolar | Skirmisher |
| 16:56 | Construir | Farm |
| 17:02 | Construir | Farm |
| 17:18 | Encolar | Villager (Male) |
| 17:23 | Construir | Farm |
| 17:39 | Investigar | Wheelbarrow |
| 17:54 | Construir | Market |
| 18:20 | Encolar | Villager (Male) |
| 18:20 | Encolar | Villager (Male) |
| 18:32 | Construir | Farm |
| 18:33 | Construir | Farm |
| 18:39 | Construir | House |
| 18:52 | Construir | Farm |
| 19:18 | Encolar | Villager (Male) |
| 19:19 | Encolar | Villager (Male) |
| 19:59 | Construir | Farm |
| 20:00 | Construir | Farm |
| 20:01 | Construir | Farm |
| 20:05 | Construir | Farm |
| 20:13 | Encolar | Villager (Male) |
| 20:22 | Construir | Farm |
| 20:42 | Investigar | Castle Age |
| 20:53 | Construir | Lumber Camp |
| 21:09 | Construir | Archery Range |
| 21:12 | Investigar | Horse Collar |
| 21:23 | Investigar | Gold Mining |
| 21:48 | Investigar | Fletching |
| 22:03 | Construir | Archery Range |
| 22:55 | Investigar | Padded Archer Armor |
| 22:56 | Encolar | Villager (Male) |
| 22:56 | Encolar | Villager (Male) |
| 23:22 | Edad | Edad de los Castillos |
| 23:24 | Construir | Town Center |
| 23:24 | Encolar | Cavalry Archer |
| 23:25 | Encolar | Cavalry Archer |
| 23:25 | Encolar | Cavalry Archer |
| 23:25 | Encolar | Cavalry Archer |
| 23:26 | Encolar | Cavalry Archer |
| 23:27 | Encolar | Cavalry Archer |
| 23:27 | Encolar | Cavalry Archer |
| 23:42 | Construir | University |
| 23:48 | Construir | University |
| 23:58 | Construir | House |
| 24:01 | Encolar | Villager (Male) |
| 24:01 | Encolar | Villager (Male) |
| 24:04 | Encolar | Cavalry Archer |
| 24:04 | Encolar | Cavalry Archer |
| 24:05 | Encolar | Cavalry Archer |
| 24:12 | Construir | Palisade Gate |
| 24:14 | Encolar | Villager (Male) |
| 24:14 | Encolar | Villager (Male) |
| 24:34 | Encolar | Cavalry Archer |
| 24:35 | Encolar | Cavalry Archer |
| 24:47 | Investigar | Bodkin Arrow |
| 24:58 | Encolar | Villager (Male) |
| 25:02 | Construir | Farm |
| 25:16 | Construir | Lumber Camp |
| 25:18 | Encolar | Villager (Male) |
| 25:19 | Encolar | Villager (Male) |
| 25:21 | Encolar | Cavalry Archer |
| 25:21 | Encolar | Cavalry Archer |
| 25:22 | Encolar | Cavalry Archer |
| 25:34 | Encolar | Cavalry Archer |
| 25:34 | Encolar | Cavalry Archer |
| 25:57 | Construir | House |
| 25:59 | Construir | House |
| 26:00 | Construir | House |
| 26:02 | Construir | House |
| 26:14 | Investigar | Bow Saw |
Cronología de la partida
| 4:39 | A zax attax · first_building Barracks |
| 5:10 | TheKillerSoap · first_building Barracks |
| 7:00 | TheKillerSoap · wall_segment Palisade Wall x8 |
| 7:17 | TheKillerSoap · wall_segment Palisade Wall x14 |
| 7:41 | TheKillerSoap · wall_segment Palisade Wall x9 |
| 8:21 | TheKillerSoap · wall_segment Palisade Wall x6 |
| 8:45 | TheKillerSoap · wall_segment Palisade Wall x4 |
| 9:17 | A zax attax · wall_segment Palisade Wall x6 |
| 9:19 | TheKillerSoap · age_up feudal |
| 9:21 | A zax attax · wall_segment Palisade Wall x4 |
| 9:36 | A zax attax · wall_segment Palisade Wall x12 |
| 9:49 | A zax attax · wall_segment Palisade Wall x9 |
| 10:07 | TheKillerSoap · wall_segment Palisade Wall x8 |
| 10:08 | A zax attax · wall_segment Palisade Wall x1 |
| 10:17 | A zax attax · wall_segment Palisade Wall x6 |
| 10:24 | A zax attax · age_up feudal |
| 10:34 | A zax attax · first_building Archery Range |
| 11:08 | TheKillerSoap · wall_segment Palisade Wall x1 |
| 11:25 | TheKillerSoap · first_building Archery Range |
| 11:37 | A zax attax · wall_segment Palisade Wall x11 |
| 11:38 | A zax attax · wall_segment Palisade Wall x10 |
| 14:29 | A zax attax · wall_segment Palisade Wall x2 |
| 15:36 | TheKillerSoap · wall_segment Palisade Wall x1 |
| 20:19 | A zax attax · age_up castle |
| 22:09 | A zax attax · first_building Siege Workshop |
| 23:22 | TheKillerSoap · age_up castle |
| 26:17 | TheKillerSoap · first_building Stable |
| 27:26 | TheKillerSoap · first_market_buy 100 wood |
| 27:36 | TheKillerSoap · first_building Siege Workshop |
| 29:11 | A zax attax · first_market_sell 100 wood |
| 35:30 | TheKillerSoap · first_building Monastery |
| 36:24 | A zax attax · first_building Monastery |
| 37:05 | A zax attax · first_building Castle |
| 38:08 | A zax attax · age_up imperial |
| 38:15 | TheKillerSoap · first_market_sell 100 food |
| 39:39 | TheKillerSoap · age_up imperial |
| 40:37 | TheKillerSoap · first_building Castle |
| 40:51 | TheKillerSoap · resign |
[ ANÁLISIS IA · 1 CRÉDITO ]
¿Qué pasó realmente en esta partida?
Wolo.gg analiza cada decisión: build order, eco, micro, errores típicos por bracket. Análisis personalizado por WhatsApp o Discord en 30 segundos.
Guía civ
Japoneses
Perfil
A zax attax